Unix NetHack Version 3.7.0-95 Work-in-progress - last build Jan 1 2024 20:51:50 (6a0ccc5fa2390e420dd2d488a2f9488d2ae3a63b,branch:master). Game began 2024-01-13 09:41:42, ended 2024-01-13 10:06:07. elenmirie, lawful female human Knight --------- ------- ###-`......| |......# ---------- ## |...%...| |.....|# --------------####)......<.| # ------|-- ------- #####).....|## |..).G.......|# # |........| # ## |!%[!.| # |.....| # |..)..........# ##|....)...| # # |(?)m.| # |......0###########....)........| # --.------- # # |)%)@@|## |.....| # --------|----- ## # # # |(?.u.-# ------- ## ##% # ## ### ------- # ## # ## --|------- ##### ## # ## |........| # ### ## # |........| # ### ---.- ### |........| ---------.------# |...|## |........| |..............-# |>.*|# |........| |..............|# |..||# |........| #|...............# |....# ---------- #.....^.........| ----- ---------------- Elenmirie the Esquire St:11 Dx:9 Co:12 In:8 Wi:15 Ch:18 Lawful Dlvl:5 $:42 HP:0(23) Pw:12(12) AC:4 Xp:3/75 T:2209 Satiated Burdened Latest messages: The centipede bites! The centipede's bite was poisoned! You feel weaker! Arod misses the centipede. Arod misses the centipede. You kill the centipede! Arod picks up a crossbow bolt. You have a little trouble lifting $ - 7 gold pieces (42 in total). Arod drops a crossbow bolt. You are in full health. You find a hidden door. Arod picks up a crossbow bolt. The door resists! Arod drops a crossbow bolt. The door opens. Arod picks up a crossbow bolt. Arod drops a crossbow bolt. Ouch! You bump into a door. The door opens. "Salutations, elenmirie! Welcome to Angmagssalik's general store!" You see here a scroll labeled ANDOVA BEGARIN (for sale, 53 zorkmids). You see here an unlabeled scroll (for sale, 40 zorkmids). Wait! That's a small mimic! You miss the small mimic. Arod misses the small mimic. Arod misses the small mimic. The small mimic hits! You hit the small mimic. Arod hits the small mimic. Arod bites the small mimic. The small mimic hits Arod. The small mimic hits! You hit the small mimic! You miss the small mimic. You hit the small mimic! You hit the small mimic. You miss the small mimic. You miss the small mimic. The small mimic hits! You miss the small mimic. Arod picks up a magenta potion. You hit the small mimic! The small mimic hits! You die... Angmagssalik gratefully inherits all your possessions. Do you want to see what you had when you died? [ynq] (y) y Do you want to see your attributes? [ynq] (y) y Do you want an account of creatures vanquished? [ynaq] (y) y Do you want to see your conduct and achievements? [ynq] (y) y Do you want to see the dungeon overview? [ynq] (y) y Inventory: Coins $ - 42 gold pieces Weapons a - an uncursed +1 long sword (weapon in left hand) s - an uncursed +0 silver saber b - an uncursed +1 lance (alternate weapon; not wielded) Armor d - an uncursed +0 helmet (being worn) f - an uncursed +0 pair of leather gloves (being worn) e - an uncursed +0 small shield (being worn) c - an uncursed rusty +1 ring mail (being worn) Comestibles g - 9 uncursed apples h - 13 uncursed carrots Scrolls q - an uncursed scroll of charging i - 2 uncursed scrolls of identify t - a blessed scroll of light Potions n - an uncursed potion of healing j - a blessed potion of see invisible Rings v - an uncursed ring of fire resistance x - an uncursed ring of free action w - an uncursed ring of invisibility y - an uncursed ring of slow digestion z - an uncursed ring of slow digestion Wands p - an uncursed wand of cancellation (0:7) k - an uncursed wand of light (0:14) Tools m - a cursed brass lantern B - an uncursed magic marker (0:31) P - a cursed stethoscope Elenmirie the Knight's attributes: Background: You were an Esquire, a level 3 female human Knight. You were lawful, nominally on a mission for Lugh who was opposed by Brigit (neutral) and Manannan Mac Lir (chaotic). You were left-handed. You were in the Dungeons of Doom, on level 5. You entered the dungeon 2209 turns ago. There was a new moon in effect when your adventure ended. You had 75 experience points, 5 more were needed to attain level 4. Basics: You had 0 out of 23 hit points. You had all 12 energy points (spell power). Your armor class was 4. Your wallet contained 42 zorkmids. Autopickup was on, but temporarily disabled while inside the shop. Final Characteristics: Your strength was 11 (peak:14, limit:18/100). Your dexterity was 9 (limit:18). Your constitution was 12 (limit:18). Your intelligence was 8 (limit:18). Your wisdom was 15 (limit:18). Your charisma was 18 (limit:18). Final Status: You were satiated. You were burdened; movement was slightly slowed. You were wielding a long sword. You had basic skill with long sword. Final Attributes: You were piously aligned. You could jump. You were warded. You are dead. Miscellaneous: You never encountered a bones level. Total elapsed playing time was 24 minutes and 23 seconds. Major events: Turn 1: elenmirie the lawful female human Knight entered the dungeon 1234: entered the Gnomish Mines 1826: attained the rank of Esquire (level 3) 2209: killed by a small mimic Vanquished creatures: a gnome leader a floating eye a kobold leader a centipede a monkey a dwarf zombie 2 hobbits a giant rat a brown mold a green mold 2 geckos 3 jackals 2 foxes a kobold 2 goblins a sewer rat 4 grid bugs 2 bats a lichen 3 newts 32 creatures vanquished. No species were genocided or became extinct. Voluntary challenges: You were an atheist. You were illiterate. You never engraved Elbereth. You never genocided any monsters. You never polymorphed an object. You never changed form. You used no wishes. Achievements: You entered a shop. You entered the Gnomish Mines. You attained the rank of Esquire. The Dungeons of Doom: levels 1 to 5 Level 1: Some fountains. Level 2: Level 3: Stairs down to The Gnomish Mines. Level 4: Level 5: <- You were here. A general store, a grave. Final resting place for you, killed by a small mimic. The Gnomish Mines: Level 4: Game over: ---------- / \ / REST \ / IN \ / PEACE \ / \ | elenmirie | | 0 Au | | killed by a | | small mimic | | | | | | 2024 | *| * * * | * _________)/\\_//(\/(/\)/\//\/|_)_______ Fare thee well elenmirie the Knight... You died in The Dungeons of Doom on dungeon level 5 with 510 points, and 0 pieces of gold, after 2209 moves. You were level 3 with a maximum of 23 hit points when you died.